 Dungeon Crawl Stone Soup version 0.27-a0-1188-g73eefd5def (webtiles) character file.

Game seed: 9192316961246883695

362 Sobieck the Spear-Bearer (level 6, -2/47 HPs)
             Began as a Merfolk Monk on May 21, 2021.
             Slain by an ice beast (7 damage)
             ... on level 4 of the Dungeon.
             The game lasted 00:09:43 (6006 turns).

Sobieck the Spear-Bearer (Merfolk Monk)             Turns: 6006, Time: 00:09:44

Health: -2/47      AC:  2    Str: 11    XL:     6   Next: 66%
Magic:  0/6        EV: 14    Int:  9    God:
Gold:   209        SH:  0    Dex: 19    Spells: 5/5 levels left

rFire    . . .     SeeInvis .   a - +0 halberd {polearm}
rCold    . . .     Faith    .   (shield currently unavailable)
rNeg     . . .     Spirit   +   j - +0 robe
rPois    .         Reflect  .   (no helmet)
rElec    .         Harm     .   (no cloak)
rCorr    .         Rampage  .   (no gloves)
Will     .....                  (no boots)
Stlth    ++........             q - amulet of guardian spirit
HPRegen  0.15/turn              (no ring)
MPRegen  0.10/turn              (no ring)

@: no status effects
A: (nimble swimmer 2), mertail
a: no special abilities


You were on level 4 of the Dungeon.
You visited 2 branches of the dungeon, and saw 6 of its levels.

You collected 209 gold pieces.


Innate Abilities, Weirdness & Mutations

((You are quick and stealthy near water. (Stealth+, EV+, Speed+++)))
Your lower body shifts to a powerful aquatic tail in water.


   Skills:
 - Level 3.2 Fighting
 + Level 10.3 Polearms
 - Level 4.0 Dodging
 - Level 2.1 Stealth


You had 5 spell levels left.
You didn't know any spells.
Your spell library contained the following spells:

 Spells                   Type           Power      Damage    Failure   Level
 Animate Skeleton         Necr           0%         N/A       38%         1
 Magic Dart               Conj           0%         1d3       38%         1
 Pain                     Necr           0%         1d4       38%         1
 Blink                    Tloc           N/A        N/A       52%         2
 Call Imp                 Summ           0%         N/A       52%         2
 Slow                     Hex            0%         N/A       52%         2
 Conjure Flame            Conj/Fire      0%         6-21      77%         3
 Mephitic Cloud           Conj/Pois/Air  0%         N/A       77%         3
 Vampiric Draining        Necr           0%         2d6       77%         3
 Animate Dead             Necr           0%         N/A       99%         4
 Agony                    Necr           0%         N/A       100%        5

Inventory:

Hand Weapons
 a - a +0 halberd (weapon) {polearm}
   (You took it off a gnoll on level 4 of the Dungeon)
 b - a +0 hunting sling {sling}
   (You found it on level 1 of the Dungeon)
 k - a +0 spear {polearm}
 o - a +3 mace {mace}
   (You took it off Robin on level 1 of the Dungeon)
 v - a +1 dagger of holy wrath {short}
   (You found it on level 3 of the Dungeon)
 x - a +0 hand crossbow {crossbow}
   (You took it off a kobold on level 4 of the Dungeon)
 B - a +0 trident {polearm}
   (You found it on level 2 of the Dungeon)
Missiles
 c - 33 sling bullets
 f - 122 stones (quivered) {throwing}
 g - 60 arrows
 u - 52 bolts
Armour
 j - a +0 robe (worn)
 p - a +0 helmet
   (You took it off Robin on level 1 of the Dungeon)
Magical Staves
 w - a staff of poison {!astaff}
   (You found it on level 3 of the Dungeon)
Jewellery
 q - an amulet of guardian spirit (around neck)
   (You found it on level 2 of the Dungeon)
Scrolls
 e - 2 scrolls of identify {unknown}
 m - a scroll of brand weapon {unknown}
 n - a scroll of vulnerability {unknown}
 r - a scroll of blinking {unknown}
 s - a scroll of amnesia {unknown}
 t - a scroll of enchant weapon {unknown}
 y - 2 scrolls of teleportation {unknown}
 z - a scroll of fog {unknown}
Potions
 d - a potion of lignification {unknown}
 h - a potion of might {unknown}
 i - 2 potions of curing {@q1}
 l - a potion of brilliance {unknown}
 A - a potion of heal wounds {unknown}

Dungeon Overview and Level Annotations

Branches:
Dungeon (5/15)             Temple (1/1) D:4

Altars:
Ashenzari
Cheibriados
Fedhas
Hepliaklqana
Kikubaaqudgha
Makhleb
Okawaru
Ru
Xom
The Shining One

Shops:
D:1 ! D:2

*
#........#........'..##....##...
#........#.......##..##.........
#..###.#######...##..##.........
######.###..##.......#.....##...
#...<...#........#.....##...
#.......#....##'###.....#...
#..)....'....##..##....##...
#..##...#....#...##....##...
#..##...#.)@)#.........##...
#..##...##..Y##..##....##...
#..##..[##...##..##....##...
#..##.........#..##....##...
#####.........#.............
#..........#.............
#..........#..##....##...
#####...##....#..########...
##..####'##....#...#.....+...


You could see an ice beast.


Message History

Where to? (Enter - D:5, ? - help)
There is an open door here.
There is an open door here.
There is a stone staircase leading down here.
You climb downwards.
There is a stone staircase leading up here.
You climb upwards.
There is a stone staircase leading down here.
There is an open door here.
There is an open door here.
There is an open door here.
There is an open door here.
There is an open door here.
You open the door.
There is an open door here.
You now have 209 gold pieces (gained 11).
Things that are here:
a +0 club {mace}; a gnoll skeleton You open the door.
There is an open door here.
As you open the door, it creaks loudly!
There is an open door here.
There is an open door here.
As you open the door, it creaks loudly!
There is an open door here.
You open the door.
There is an open door here.
There is an open door here.
You open the door.
There is an open door here.
There is an open door here.
You see here a +0 falchion {long}.
As you open the door, it creaks loudly!
There is an open door here.
Done exploring.
Done exploring.
(D) Dungeon (T) Temple
Where to? (Enter - D:5, ? - help)
You open the door.
There is an open door here.
There is an open door here.
There is a stone staircase leading down here.
You climb downwards.
An ice beast, a white imp and a skeleton come into view.
There is a stone staircase leading up here.
The white imp shouts!
You climb upwards.
There is a stone staircase leading down here.
You climb downwards.
The white imp gestures at you. The puff of frost misses you.
The ice beast hits you but does no damage.
The ice beast barely misses you.
There is a stone staircase leading up here.
The water moccasin skeleton misses you. The ice beast hits you.
The ice beast freezes you!
You climb upwards.
There is a stone staircase leading down here. 😕 HP[-8] MP[-1]
You take 8 damage, and now have 39/47 hp.
You lost 1 mp, and now have 5/6 mp.
You hit the ice beast. The ice beast hits you.
The ice beast freezes you! 😮 HP[-14] MP[-2]
You take 14 damage, and now have 25/47 hp.
MASSIVE DAMAGE!! (PAUSE)
You lost 2 mp, and now have 3/6 mp.
You hit the ice beast but do no damage. The ice beast hits you.
* * * LOW HITPOINT WARNING * * *
The ice beast freezes you!
* * * LOW HITPOINT WARNING * * *
😨 HP[-13] MP[-2]
You take 13 damage, and now have 12/47 hp.
MASSIVE DAMAGE!! (PAUSE)
You lost 2 mp, and now have 1/6 mp.
You closely miss the ice beast. The ice beast hits you.
* * * LOW HITPOINT WARNING * * *
The ice beast freezes you!
* * * LOW HITPOINT WARNING * * *
😱 HP[-7] MP[-1]
You take 7 damage, and now have 5/47 hp.
You lost 1 mp, and now have 0/6 mp.
Unknown command.
Okay, then.
An ice beast is nearby!
Unknown command.
It was a potion of curing.
You feel better. The ice beast hits you.
* * * LOW HITPOINT WARNING * * *
The ice beast freezes you!
* * * LOW HITPOINT WARNING * * *
You feel better. The ice beast hits you.
* * * LOW HITPOINT WARNING * * *
The ice beast freezes you!
* * * LOW HITPOINT WARNING * * *
😱 HP[-4]
You take 4 damage, and now have 1/47 hp.
Unknown command.
You feel better. The ice beast hits you.
* * * LOW HITPOINT WARNING * * *
The ice beast freezes you!
You die...

Skill      XL: |  1  2  3  4  5  6 |
---------------+-------------------+-----
Polearms       | 5 6 8 9 10 | 10.3
Fighting       | |  3.2
Dodging        | |  4.0
Stealth        | |  2.1

Action                   |  1- 3 |  4- 6 || total
-------------------------+-------+-------++-------
Melee: Spear             |   134 |       ||   134
       Trident           |     5 |   112 ||   117
       Halberd           |       |    16 ||    16
 Fire: Hunting sling     |     8 |    98 ||   106
  Use: Potion            |       |     3 ||     3
 Stab: Sleeping          |     6 |     1 ||     7
Armor: Robe              |    10 |     9 ||    19
Dodge: Dodged            |    61 |    86 ||   147

Levels and vault maps discovered:
D:1:      dpeg_arrival_yet_another_circle, layout_loops_ring, serial_shops,
          shop, basic_ecumenical_altar, st_stairs_2, minmay_close_crescents
D:2:      layout_basic, serial_shops, shop, uniq_robin
D:3:      layout_loops_corners, kiku_gazebo_garden_becter
D:4:      layout_gridville, minmay_temple_entry_ruins
D:5:      layout_loops_ring, uniq_crazy_yiuf_cottage, uniq_menkaure, uniq_ijyb,
          uniq_prince_ribbit1
Temple:   compressed_dpeg_triangle_lava_temple

Notes
Turn   | Place    | Note
-------+----------+-------------------------------------------
     0 | D:1      | Sobieck the Merfolk Monk began the quest for the Orb.
     0 | D:1      | Reached XP level 1. HP: 18/18 MP: 1/1
     0 | D:1      | magus.rc [v1.9.6]
   301 | D:1      | Found a faded altar of an unknown god.
   313 | D:1      | Reached skill level 5 in Polearms
   431 | D:1      | Reached XP level 2. HP: 22/24 MP: 2/2
   985 | D:2      | Reached skill level 6 in Polearms
   985 | D:2      | Reached XP level 3. HP: 26/29 MP: 3/3
  1064 | D:1      | You pick up a book of Minor Magic and begin reading...
  1064 | D:1      | You add the spells Magic Dart, Blink, Call Imp, Slow,
                  | Conjure Flame and Mephitic Cloud to your library.
  1110 | D:1      | You pick up a book of Necromancy and begin reading...
  1110 | D:1      | You add the spells Pain, Animate Skeleton, Vampiric
                  | Draining, Animate Dead and Agony to your library.
  1188 | D:1      | Found Qiaziepur's Distillery.
  1729 | D:2      | Reached XP level 4. HP: 35/35 MP: 4/4
  1787 | D:2      | Found Luofoh's General Store.
  1835 | D:2      | Reached skill level 7 in Polearms
  1939 | D:2      | Noticed Robin
  2305 | D:1      | HP: 5/35 [Robin/+3 mace (13)]
  2306 | D:1      | Killed Robin
  3167 | D:3      | Found an ancient bone altar of Kikubaaqudgha.
  3207 | D:3      | Reached skill level 8 in Polearms
  3439 | D:3      | Reached XP level 5. HP: 41/41 MP: 5/5
  4339 | D:4      | Reached skill level 9 in Polearms
  4846 | D:4      | Reached XP level 6. HP: 34/47 MP: 4/6
  4990 | D:4      | Found a staircase to the Ecumenical Temple.
  4999 | Temple   | Entered the Ecumenical Temple
  5375 | D:5      | Entered Level 5 of the Dungeon
  5451 | D:4      | Reached skill level 10 in Polearms
  5994 | D:5      | Noticed an ice beast
  6003 | D:4      | HP: 11/47 [ice beast (1)]
  6003 | D:4      | HP: 5/47 [ice beast (6)]
  6005 | D:4      | HP: 1/47 [ice beast (9)]
  6006 | D:4      | Slain by an ice beast

Vanquished Creatures
  A scorpion (D:4)
  An orc priest (D:4)
  A hound (D:3)
  An iguana (D:4)
  Robin (D:1)
  A howler monkey skeleton (D:4)
  4 gnolls (D:4)
  5 adders
  An adder skeleton (D:4)
  A worm (D:2)
  4 dart slugs
  7 orcs
  6 bats
  8 endoplasms
  2 giant cockroaches
  13 goblins
  15 hobgoblins
  6 quokkas
  13 ball pythons
  2 frilled lizards (D:1)
  5 kobolds
  3 rats
101 creatures vanquished.

Vanquished Creatures (others)
  2 withered plants (D:3)
2 creatures vanquished.

Grand Total: 103 creatures vanquished

Table legend:
 A = Non-vault XP
 B = Vault XP
 C = Vault XP percentage of total XP
 D = Non-vault monster count
 E = Vault monster count
 F = Vault count percentage of total count
                 A         B        C        D         E       F
            +---------+---------+-------+---------+---------+-------
      Total |     470 |      48 |   9.3 |      82 |      19 |  18.8
            +---------+---------+-------+---------+---------+-------
        D:1 |      35 |      27 |  43.5 |      23 |       8 |  25.8
        D:2 |      73 |      21 |  22.3 |      18 |      11 |  37.9
        D:3 |      84 |       0 |   0.0 |      20 |       0 |   0.0
        D:4 |     275 |       0 |   0.0 |      20 |       0 |   0.0
        D:5 |       3 |       0 |   0.0 |       1 |       0 |   0.0
            +---------+---------+-------+---------+---------+-------

Illustrated notes

Table legend:
 A = Kills in this place as a percentage of kills in entire the game.
 B = Kills by you in this place as a percentage of kills by you in the entire game.
 C = Kills by friends in this place as a percentage of kills by friends in the entire game.
 D = Other kills in this place as a percentage of other kills in the entire game.
 E = Experience gained in this place as a percentage of experience gained in the entire game.
 F = Experience gained in this place divided by the number of levels of this place that you have seen.
                   A       B       C       D       E      F
               +-------+-------+-------+-------+-------+----------------------
         Total | 100.0 | 100.0 |   N/A |   N/A | 100.0 |  86.3
       Dungeon | 100.0 | 100.0 |   N/A |   N/A | 100.0 | 103.6
               +-------+-------+-------+-------+-------+----------------------

Table legend: (Time is in decaauts)
 A = Elapsed time spent in this place.
 B = Non-inter-level travel time spent in this place.
 C = Inter-level travel time spent in this place.
 D = Time resting spent in this place.
 E = Time spent auto-exploring this place.
 F = Levels seen in this place.
 G = Mean time per level.
                   A        B        C        D        E       F      G
               +--------+--------+--------+--------+--------+-----+--------+
         Total |   5970 |   5731 |    239 |   1997 |   2777 |   6 |  995.0 |
       Dungeon |   5887 |   5657 |    230 |   1997 |   2725 |   5 | 1177.4 |
        Temple |     83 |     74 |      9 |      0 |     52 |   1 |   83.0 |
               +--------+--------+--------+--------+--------+-----+--------+

Top non-repeatable levels by time:
     D:1: 2045 daAuts
     D:3: 1470 daAuts
     D:4: 1306 daAuts
     D:2: 1054 daAuts
  Temple: 83 daAuts
     D:5: 11 daAuts
